 Dungeon Crawl Stone Soup version 0.18.1-50-g88ac8fd (webtiles) character file.

117 tyranidshit the Skirmisher (level 4, 39/46 HPs)
             Began as a Deep Dwarf Fighter on Sept 21, 2016.
             Quit the game on level 3 of the Dungeon.
             The game lasted 00:02:52 (1176 turns).

tyranidshit the Skirmisher (Deep Dwarf Fighter)     Turns: 1176, Time: 00:02:53

Health: 39/46      AC:  8    Str: 20    XL:     4   Next: 71%
Magic:  4/4        EV:  7    Int:  9    God:
Gold:   77         SH:  9    Dex: 14    Spells: 0 memorised, 3 levels left

rFire  . . .     SeeInvis .     a - +0 war axe
rCold  . . .     Gourm    .     b - +0 scale mail
rNeg   . . .     Faith    .     c - +0 shield
rPois  .         Spirit   .     h - +0 helmet
rElec  .         Dismiss  .     (no cloak)
rCorr  .         Reflect  .     (no gloves)
SustAt .         Harm     .     (no boots)
MR     .....                    (no amulet)
Stlth  +.........               (no ring)
                                p - ring of flight

@: non-regenerating, not resistant to hostile enchantments, very unstealthy
A: damage resistance, recharge devices, thin skeletal structure 1, sense
surroundings 1, slow regeneration 3
a: Device Recharging, Evoke Flight


You were on level 3 of the Dungeon.
You were very hungry.

You visited 1 branch of the dungeon, and saw 3 of its levels.

You collected 77 gold pieces.

Inventory:

Hand Weapons
 a - a +0 war axe (weapon)
Armour
 b - a +0 scale mail (worn)
 c - a +0 shield (worn)
 h - a +0 helmet (worn)
Jewellery
 p - a ring of flight (left hand)
Wands
 e - a wand of heal wounds (5/9)
Scrolls
 g - 3 scrolls of identify
 l - 2 scrolls of immolation
Potions
 d - a potion of might
Comestibles
 f - 3 bread rations
 j - a slice of pizza


   Skills:
 + Level 5.0 Fighting
 - Level 2.1 Axes
 - Level 3.2 Armour
 - Level 3.2 Shields


You had 3 spell levels left.
You didn't know any spells.

Dungeon Overview and Level Annotations

Branches:
Dungeon (3/15)

Altars:
Trog


Innate Abilities, Weirdness & Mutations

You are resistant to damage.
You can recharge devices by infusing magical energy.
You passively map a small area around you.
You do not regenerate naturally.
You have a somewhat thin skeletal structure (Dex +2, Stealth).


Message History

The goblin hits you with a dagger.
Your shield prevents you from hitting the goblin.
The goblin is heavily wounded.
You block the goblin's attack. The goblin hits you but does no damage.
Your scale mail prevents you from hitting the goblin.
The goblin is heavily wounded.
The goblin barely misses you.
You closely miss the goblin.
The goblin is heavily wounded.
The goblin hits you but does no damage.
You hit the goblin.
You kill the goblin!
You see here a dagger.
Your magical contamination has completely faded away.
You see here a helmet.
h - a helmet Wear which item? (? for menu, Esc to quit)
You start putting on your armour.
You continue putting on your helmet. x4
You finish putting on your +0 helmet.
Are you sure you want to abandon this character and quit the game? (Confirm with "yes".)

#...#.# * ####.#.#.# , ,
** #....#.#.# #.####.#.#
, , #.# #...# * *
#####.####..#####
...#..>.........##
.................#######
,
.........†[.....@.......
........<.[.......######
* ..................#
....[...†.........#
..................#
####.............##
##.....#.....##
#############


There were no monsters in sight!

Vanquished Creatures
  Jessica (D:2)
  3 adders (D:2)
  A gnoll (D:1)
  A worm (D:3)
  A dart slug (D:1)
  2 giant geckos
  4 orcs (D:3)
  4 bats
  3 giant cockroaches
  4 goblins
  7 hobgoblins
  5 kobolds
  3 giant newts
  5 rats
44 creatures vanquished.

Notes
Turn   | Place    | Note
--------------------------------------------------------------
     0 | D:1      | tyranidshit the Deep Dwarf Fighter began the quest for the Orb.
     0 | D:1      | Reached XP level 1. HP: 20/20 MP: 1/1
     0 | D:1      | Noticed a centaur
     1 | D:1      | Noticed a human
     1 | D:1      | Noticed a spriggan
     3 | D:1      | Noticed a troll
     4 | D:1      | Noticed a gargoyle
     5 | D:1      | Noticed a centaur
     7 | D:1      | Noticed a vine stalker
     8 | D:1      | Noticed a vine stalker
    11 | D:1      | Noticed a minotaur
    11 | D:1      | Noticed a troll
    13 | D:1      | Noticed a naga
    13 | D:1      | Noticed a spriggan
    15 | D:1      | Noticed a human
    19 | D:1      | Noticed a vine stalker
    21 | D:1      | Noticed a felid
    52 | D:1      | Reached skill level 3 in Fighting
   197 | D:1      | Reached XP level 2. HP: 25/28 MP: 2/2
   551 | D:1      | Reached XP level 3. HP: 31/36 MP: 3/3
   689 | D:2      | Noticed Jessica
   708 | D:2      | Reached skill level 4 in Fighting
   711 | D:2      | Killed Jessica
   711 | D:2      | Reached XP level 4. HP: 34/45 MP: 4/4
   982 | D:2      | Found a bloodstained altar of Trog.
  1056 | D:2      | Gained mutation: You have a somewhat thin skeletal structure (Dex +2, Stealth). [potion of beneficial mutation]
  1089 | D:3      | Reached skill level 5 in Fighting
  1176 | D:3      | Quit the game

Skill      XL: |  1  2  3  4 |
---------------+-------------+-----
Fighting       | 3 4 5 |  5.0
Axes           | |  2.1
Armour         | |  3.2
Shields        | |  3.2

Action                   |  1- 3 |  4- 6 || total
-------------------------+-------+-------++-------
Melee: War axe           |    68 |    61 ||   129
  Use: Potion            |       |     6 ||     6
       Scroll            |       |     3 ||     3
 Stab: Invisible         |       |     6 ||     6
Armor: Scale mail        |    31 |    25 ||    56
Dodge: Dodged            |    15 |    21 ||    36
Block: Shield            |    35 |    30 ||    65
